 Dungeon Crawl Stone Soup version 0.24-a0-284-g9fb9971df1 (webtiles) character file.

Game seed: 5052674504806807142

273 Redear the Skirmisher (level 6, 11/48 HPs)
             Began as a Demonspawn Chaos Knight on May 6, 2019.
             Was a Plaything of Xom.
             Quit the game on level 4 of the Dungeon on May 7, 2019.
             The game lasted 00:10:46 (3305 turns).

Redear the Skirmisher (Demonspawn Chaos Knight)     Turns: 3305, Time: 00:10:47

Health: 11/48      AC:  7    Str: 14    XL:     6   Next: 2%
Magic:  6/6        EV: 12    Int: 17    God:    Xom [...*..]
Gold:   75         SH:  0    Dex: 12    Spells: 5/5 levels left

rFire    . . .     SeeInvis .   a - +1 hand axe (chaos)
rCold    . . .     Gourm    .   (no shield)
rNeg     + . .     Faith    .   b - +2 leather armour
rPois    .         Spirit   .   (helmet restricted)
rElec    .         Reflect  .   (no cloak)
rCorr    .         Harm     .   (no gloves)
MR       .....                  (no boots)
Stlth    +.........             (no amulet)
HPRegen  0.16/turn              c - ring of positive energy {rN+}
MPRegen  0.10/turn              d - +3 ring of intelligence

@: hasted, very quick
A: antennae 1, iridescent scales 1
a: Renounce Religion


You were on level 4 of the Dungeon.
You worshipped Xom.
You were a favourite toy of Xom.
You were hungry.

You visited 1 branch of the dungeon, and saw 4 of its levels.

You collected 75 gold pieces.

Inventory:

Hand Weapons
 a - a +1 hand axe of chaos (weapon)
 g - a +0 war axe
 k - a +0 club
Missiles
 f - 66 stones (quivered)
Armour
 b - a +2 leather armour (worn)
 i - a +0 helmet
Jewellery
 c - a ring of positive energy (left hand) {rN+}
 d - a +3 ring of intelligence (right hand)
Wands
 h - a wand of random effects (16)
 I - a wand of iceblast (10)
 V - a wand of flame (18)
Scrolls
 e - a scroll of fear {unknown}
 j - 2 scrolls of enchant weapon
 M - 3 scrolls of magic mapping
 N - a scroll of remove curse {@r2}
 R - a scroll of identify {@r1}
 T - a scroll of teleportation {@r3}
Comestibles
 z - 5 rations


   Skills:
 + Level 4.2 Fighting
 + Level 3.8 Axes
 + Level 3.2 Armour
 + Level 2.7 Dodging


You had 5 spell levels left.
You didn't know any spells.
Your spell library contained the following spells:

 Spells                   Type           Power        Failure   Level  Hunger
 Flame Tongue             Conj/Fire      #....        28%         1    ##.....
 Throw Flame              Conj/Fire      #.....       41%         2    ###....
 Conjure Flame            Conj/Fire      #.......     65%         3    ####...
 Inner Flame              Hex/Fire       #.......     65%         3    ####...
 Sticky Flame             Conj/Fire      #.......     96%         4    #####..
 Fireball                 Conj/Fire      #.........   100%        5    ######.


Dungeon Overview and Level Annotations

Branches:
Dungeon (4/15)
 Temple: D:4-7

Altars:
Xom

Annotations:
D:3 Grinder


Innate Abilities, Weirdness & Mutations

You have a pair of small antennae on your head.
You are partially covered in iridescent scales. (AC +2)


Message History

You hit the orc warrior.
The orc warrior appears confused.
The orc warrior is lightly wounded.
The orc warrior hits you with a +0 war axe!
* * * LOW HITPOINT WARNING * * *
You take 13 damage, and have 7/48 hp.
MASSIVE DAMAGE!!
Okay, then.
It was a potion of haste.
You feel yourself speed up.
The phantom blinks!
You now have 75 gold pieces (gained 6).
The orc warrior hits the orc priest with a +0 war axe.
You open the door.
h - a wand of random effects (16)
Things that are here:
a +0 club a +2 leather armour of positive energy {rN+} Saving game... please wait.
Welcome back, Redear the Demonspawn Chaos Knight.
Xom snickers.
Press ? for a list of commands and other information.
Unknown command.
Are you sure you want to abandon this character and quit the game? (Confirm with "yes".)

#...##########............#
#.........................#
#...##########.##.###....(#
##.## ##.###.#.#.###.#.#.#
#.# #.....###...........
#.# ##.###.#.#..###.....
#.# #.# ##.##..# ##.#.#
#######.### #.#######..#
#.#.# #.........#
#.@........# #...#
#.#####.#.# ##..#######.#
#..## #.# #.#.#
#...#######.# #..# #.#
#.#.# #[#.##....[.# #..#
#.# #.#.# #.#.#.......#
##$# #.# #.#.#
#.#.#.......... #.# ...#.#
#.#.#........## #.# #.###.#
#.#.>........# #.###.###.#
#.###.......## ##.##


There were no monsters in sight!

Vanquished Creatures
  An ogre (D:2)
  An orc wizard (D:3)
  Ijyb (D:4)
  5 adders
  An ooze (D:3)
  2 worms (D:2)
  2 dart slugs
  A leopard gecko (D:1)
  4 orcs (D:3)
  9 bats
  4 giant cockroaches
  8 goblins
  10 hobgoblins
  2 jackals (D:1)
  3 kobolds
  A quokka (D:2)
  6 frilled lizards
  9 rats
70 creatures vanquished.

Notes
Turn   | Place    | Note
-------+----------+-------------------------------------------
     0 | D:1      | Redear the Demonspawn Chaos Knight began the quest for the
                  | Orb.
     0 | D:1      | Reached XP level 1. HP: 18/18 MP: 1/1
    39 | D:1      | Reached skill level 1 in Dodging
   125 | D:1      | Reached skill level 2 in Armour
   125 | D:1      | Gained mutation: You are partially covered in iridescent
                  | scales. (AC +2) [demonic ancestry]
   125 | D:1      | Reached XP level 2. HP: 24/24 MP: 2/2
   405 | D:1      | XOM: harmless Conj miscast
   604 | D:1      | Reached skill level 3 in Axes
   732 | D:2      | Found a faded altar of an unknown god.
   752 | D:2      | Gained mutation: You have a pair of small antennae on your
                  | head. [demonic ancestry]
   752 | D:2      | Reached XP level 3. HP: 24/29 MP: 3/3
   770 | D:2      | XOM: scenery: create altars
  1329 | D:2      | XOM: god gift: 30 stones
  1466 | D:2      | Noticed an ogre
  1479 | D:2      | Reached XP level 4. HP: 35/35 MP: 4/4
  1685 | D:2      | Killed an ogre
  1685 | D:2      | Reached skill level 2 in Dodging
  1685 | D:2      | Reached XP level 5. HP: 42/42 MP: 5/5
  2187 | D:3      | Reached skill level 3 in Armour
  2205 | D:3      | Noticed Grinder
  2209 | D:3      | XOM: divination: detect items
  2209 | D:3      | Paralysed by Grinder for 5 turns
  2227 | D:3      | Noticed Grinder
  2227 | D:3      | Grinder changed into Grinder the hell beast
  2227 | D:3      | XOM: butterfly on damage
  2465 | D:2      | Reached skill level 4 in Fighting
  2529 | D:3      | XOM: harmless Chrm miscast
  2541 | D:3      | XOM: silly message
  2620 | D:3      | XOM: silly message
  3078 | D:4      | XOM: 8-stop teleportation journey
  3161 | D:4      | Noticed Ijyb
  3169 | D:4      | XOM: cast spell 'Chain of Chaos'
  3175 | D:4      | Killed Ijyb
  3175 | D:4      | Reached XP level 6. HP: 48/48 MP: 6/6
  3264 | D:4      | Noticed an orc warrior
  3305 | D:4      | Quit the game

Levels and vault maps discovered:
D:1:      wander_arrival_lonely_grave, layout_basic
D:2:      layout_rooms, first_ration, chequers_ecumenical_altar_simple_redux
D:3:      layout_loops_ring, uniq_grinder
D:4:      layout_loops_ring, hangedman_decor_diamond_cutter, uniq_ijyb,
          uniq_crazy_yiuf_cottage

Skill      XL: |  1  2  3  4  5 |
---------------+----------------+-----
Dodging        | 1 2 |  2.7
Armour         | 2 3 |  3.2
Axes           | 3 |  3.8
Fighting       | 4 |  4.2

Action                   |  1- 3 |  4- 6 || total
-------------------------+-------+-------++-------
Melee: Hand axe          |    87 |   129 ||   216
       Whip              |    40 |       ||    40
  Use: Scroll            |     6 |     1 ||     7
       Potion            |     2 |     2 ||     4
 Stab: Paralysed         |     2 |     1 ||     3
  Eat: Chunk             |     1 |     6 ||     7
Armor: Leather armour    |    53 |    60 ||   113
       Skin              |     4 |       ||     4
Dodge: Dodged            |    79 |    98 ||   177

Table legend:
 A = Non-vault XP
 B = Vault XP
 C = Vault XP percentage of total XP
 D = Non-vault monster count
 E = Vault monster count
 F = Vault count percentage of total count
                 A         B        C        D         E       F
            +---------+---------+-------+---------+---------+-------
      Total |     351 |      39 |  10.0 |      69 |       1 |   1.4
            +---------+---------+-------+---------+---------+-------
        D:1 |      36 |       0 |   0.0 |      18 |       0 |   0.0
        D:2 |     195 |       0 |   0.0 |      27 |       0 |   0.0
        D:3 |     119 |       0 |   0.0 |      23 |       0 |   0.0
        D:4 |       1 |      39 |  97.5 |       1 |       1 |  50.0
            +---------+---------+-------+---------+---------+-------
